[Event "3rd Sharjah Challengers 2023"]
[Site "Sharjah"]
[Date "2023.05.19"]
[Round "3.1"]
[White "Sivuk, Vitaly"]
[Black "Begmuratov, Khumoyun"]
[Result "1-0"]
[ECO "D37"]
[WhiteElo "2489"]
[BlackElo "2387"]
[Annotator "TA"]
[PlyCount "133"]
[EventDate "2023.05.16"]
[EventType "swiss"]
[EventCountry "UAE"]
[SourceTitle "playchess.com"]
[Source "ChessBase"]
[SourceQuality "1"]
[TimeControl "5400+30"]

1. Nf3 Nf6 2. c4 e6 3. Nc3 d5 4. d4 Be7 5. Bf4 c6 6. e3 O-O 7. h3 Nbd7 8. Qc2 a6 9. cxd5 {[%emt 0:00:30] D37: Queen's Gambit Declined: 5 Bf4.} exd5 10. Bd3 c5 11. dxc5 {[%emt 0:00:30] White has an edge.} Nxc5 12. O-O Be6 {[%emt 0:00:30] [#]} 13. Be5 $146 ({Predecessor:} 13. Rfd1 Rc8 14. Qe2 b5 15. a3 Nb3 16. Rab1 Qb6 17. Be5 {½-½ Pohla,H-Pashayan,G URS-chT2 corr 1988}) 13... h6 14. Rfd1 Ncd7 15. Bd4 Rc8 16. Rac1 Re8 17. Qb1 Bc5 18. Bc2 Qe7 19. a3 Red8 20. Bb3 Bxd4 21. Rxd4 Nc5 22. Bc2 b5 23. Rcd1 Rd7 24. Nd2 Rdc7 25. Nf1 Ncd7 26. Bb3 Nb6 27. Ng3 Nc4 28. Nge2 Rc5 29. Bxc4 dxc4 30. Nf4 R5c6 31. e4 Re8 (31... Rc5 $11) 32. e5 $16 Nh7 33. Qe4 {[%emt 0:00:30] White is more active.} Rc5 (33... Qc7 $16 {was called for.}) 34. Nxe6 $18 Qxe6 35. f4 a5 36. Rd6 Qe7 (36... Qc8 $142 37. Qe1 Nf8) 37. Rd7 Qf8 38. Qb7 Rb8 {[%emt 0:00:30] [#]} 39. Qxb8 {[%emt 0:00:30][%mdl 576] Remove Defender} Qxb8 40. Rd8+ Qxd8 41. Rxd8+ {[%emt 0:00:30][%mdl 4096] Endgame KRN-KRN} Nf8 42. Rb8 b4 43. axb4 axb4 44. Rxb4 Ne6 45. Rb8+ Kh7 {[%emt 0:00:30] [#]} 46. g3 Ra5 47. Kf2 (47. Rb4 $18) 47... Ra1 $2 (47... g5 $16) 48. Rc8 Rh1 49. Rxc4 Rh2+ 50. Ke3 Rxh3 51. Ne2 {[%emt 0:00:30] Hoping for f5.} g5 52. Kf3 {[%emt 0:00:30] Strongly threatening Kg2.} gxf4 (52... Rh1 {keeps fighting.} 53. f5 Rf1+ 54. Ke4 Ng7) 53. Nxf4 (53. Kg2 $18 f3+ 54. Kxh3 (54. Kxf3 Rh1 $16) 54... fxe2 55. Rc1) 53... Rh2 {[%emt 0:00:30] [#]} (53... Rh1 $16 54. Ke4 Rg1) 54. Nxe6 $2 (54. b4 $1 $18) 54... fxe6 {KR-KR} 55. b4 {[%emt 0:00:30] Ke3 is the strong threat.} Rb2 $2 (55... h5 $16) 56. Ke4 $2 (56. Ke3 Rb3+ 57. Kd4 Rxg3 58. b5) 56... Kg6 $2 (56... Rd2 57. g4 Kg7 58. Rc7+ Kg8) 57. Kd4 Kf5 58. Kc5 {[%emt 0:00:30] White mates.} Kxe5 59. b5 Kf5 60. b6 e5 61. Rb4 Rc2+ 62. Kd6 e4 63. b7 e3 64. b8=Q ({Worse is} 64. b8=B Rc8 $11) 64... Rd2+ 65. Ke7 Rf2 66. Rf4+ Kg5 67. Qg8+ {[%emt 0:00:30] Weighted Error Value: White=0.28 (precise) /Black=0.36} 1-0

[Event "3rd Sharjah Challengers 2023"]
[Site "Sharjah"]
[Date "2023.05.19"]
[Round "3.2"]
[White "Bai, Adelard"]
[Black "Rios, Cristhian Camilo"]
[Result "1/2-1/2"]
[ECO "E11"]
[WhiteElo "2409"]
[BlackElo "2469"]
[Annotator "TA"]
[PlyCount "68"]
[EventDate "2023.05.16"]
[EventType "swiss"]
[EventCountry "UAE"]
[SourceTitle "playchess.com"]
[Source "ChessBase"]
[SourceQuality "1"]
[TimeControl "5400+30"]

1. d4 Nf6 2. c4 e6 3. Nf3 d5 4. g3 Bb4+ 5. Bd2 Be7 6. Bg2 O-O 7. O-O c6 8. Qc2 Nbd7 9. Bf4 b6 {[%emt 0:00:09] E11: Bogo-Indian.} 10. Nbd2 Nh5 11. e3 $1 {[%emt 0:00:30][%mdl 4] is recently more successful than 11.Be3.} (11. cxd5 {feels hotter.} Nxf4 12. Qxc6 Nxe2+ 13. Kh1) 11... Bb7 12. cxd5 exd5 13. h4 $1 c5 {[%emt 0:00:07] [#]} 14. Rfd1 $146 ({Predecessor:} 14. Nb1 b5 15. dxc5 Nxf4 16. exf4 Nxc5 17. Ng5 g6 18. Rd1 b4 19. Nd2 Qb6 20. Nb3 {½-½ Mishra,A (2549)-Balakrishnan,P (2510) Chesterfield SPICE Cup op 2022 (5)}) 14... Rc8 15. dxc5 Nxf4 16. exf4 Nxc5 17. Ne5 Bf6 18. Ndf3 Qe7 19. Rac1 Ne4 20. Qa4 a6 (20... Rxc1 $11 21. Rxc1 Rc8 22. Rxc8+ Bxc8) 21. Qd4 b5 (21... Rxc1 $14 22. Rxc1 Qd6) 22. Qb6 Nd6 23. b3 Rxc1 $1 24. Rxc1 {[%emt 0:02:11] [#] Rc7 would be deadly.} Rc8 {[%emt 0:00:07] Inhibits Rc7.} 25. Rxc8+ Nxc8 26. Qd4 Qc7 27. Nh2 {[%emt 0:05:16][%cal Bf3h2,Bh2g4,Bg4e3][%mdl 32] White is more active.} Nb6 28. Nhg4 {[%emt 0:00:33] [#] Threatens to win with Nxf6+.} Be7 29. Nd3 Qd6 30. Ne3 {[%emt 0:00:56] Black must now prevent Nf5.} Bf6 31. Qc5 Be7 32. Qd4 {[%emt 0:00:07] And now Nf5 would win.} Bf6 $1 33. Qc5 (33. Qb4 $5 Be7 34. Qd4 $11) 33... Be7 34. Qd4 {[%emt 0:00:47] Nf5 is the strong threat.} Bf6 $1 {[%emt 0:00:39] Weighted Error Value: White=0.12 (very precise) /Black=0.10 (very precise)} 1/2-1/2

[Event "3rd Sharjah Challengers 2023"]
[Site "Sharjah"]
[Date "2023.05.19"]
[Round "3.3"]
[White "Mammadova, Gulnar"]
[Black "Nigmatov, Ortik"]
[Result "1/2-1/2"]
[ECO "E11"]
[WhiteElo "2349"]
[BlackElo "2438"]
[Annotator "TA"]
[PlyCount "58"]
[EventDate "2023.05.16"]
[EventType "swiss"]
[EventCountry "UAE"]
[SourceTitle "playchess.com"]
[Source "ChessBase"]
[SourceQuality "1"]
[TimeControl "5400+30"]

1. Nf3 d5 2. d4 Nf6 3. c4 e6 4. g3 Bb4+ 5. Bd2 Be7 6. Nc3 {[%emt 0:00:43] E11: Bogo-Indian.} c6 7. c5 Nbd7 8. Bf4 {[%emt 0:05:48] [#]} Nh5 $146 ({Predecessor:} 8... Nf8 9. Bg2 Ng6 10. Bd2 O-O 11. O-O Qc7 12. b4 b6 13. Rc1 bxc5 14. bxc5 e5 15. Nxe5 Nxe5 16. dxe5 Qxe5 {0-1 Naryshkina,I (1382)-Efimenko,A (1865) Chigorin Memorial 25th 2017 (7)}) 9. Bg2 (9. Be3 $11) 9... Nxf4 10. gxf4 h6 11. b4 g5 12. Qd2 b6 13. a3 g4 14. Ne5 Nxe5 15. fxe5 bxc5 16. bxc5 Ba6 (16... f6 $15) 17. Qc2 $11 Qa5 18. O-O Kd7 (18... Rb8 $11 {remains equal.}) 19. Rfb1 $16 {[%emt 0:00:00] Black must now prevent Rb4.} Rhb8 {[%emt 0:00:00] Prevents Rb4.} 20. e4 Bc4 (20... dxe4 $16 {is a better defense.} 21. Qxe4 (21. Bxe4 h5 $16) (21. Nxe4 Rxb1+ 22. Rxb1 Rb8 $18) 21... Rxb1+ 22. Rxb1 Rc8) 21. exd5 $18 cxd5 22. Ne4 Rxb1+ 23. Rxb1 {[%emt 0:00:00] [#] And now Nd6 would win.} Rb8 24. Nd6 {[%emt 0:00:00] h4 is the strong threat.} Bxd6 25. exd6 Rxb1+ 26. Qxb1 {[%emt 0:00:00] White wants to mate with Qb7+.} Kc6 {[%emt 0:00:00][%cal Oa5d2] [#] Inhibits Qb7+.} 27. Qc1 {[%emt 0:00:00] Dodges Qd2} (27. Qb4 $1 $16 Qxb4 28. axb4) 27... Qa4 $11 {[%emt 0:00:00] The position is equal.} 28. h3 {[%emt 0:00:00] The board is on fire.} gxh3 29. Bxh3 {[%emt 0:00:00] Strongly threatening Kh2.} Bd3 $1 {[%emt 0:00:00] An interesting game.   Weighted Error Value: White=0.20 (precise) /Black=0.21 (precise)} 1/2-1/2

[Event "3rd Sharjah Challengers 2023"]
[Site "Sharjah"]
[Date "2023.05.19"]
[Round "3.4"]
[White "Vandenbussche, Thibaut"]
[Black "Tulendinov, Dinmukhammed"]
[Result "1/2-1/2"]
[ECO "B45"]
[WhiteElo "2437"]
[BlackElo "2164"]
[Annotator "TA"]
[PlyCount "100"]
[EventDate "2023.05.16"]
[EventType "swiss"]
[EventCountry "UAE"]
[SourceTitle "playchess.com"]
[Source "ChessBase"]
[SourceQuality "1"]
[TimeControl "5400+30"]

1. e4 c5 2. Nf3 e6 3. d4 cxd4 4. Nxd4 Nf6 5. Nc3 Nc6 6. Nxc6 bxc6 7. e5 Nd5 8. Ne4 Bb7 9. c4 {[%emt 0:00:30] B45: Sicilian Four Knights.} Nb4 10. c5 Qb8 {[%emt 0:00:30] Black is weak on the dark squares 10...Ba6 is vanishing.} 11. f4 Ba6 12. a3 Bxf1 13. Rxf1 Nd5 14. Rf3 $1 {[%emt 0:00:30][%mdl 4] is now more promising than 14.Qd4.} Be7 {[%emt 0:00:30] [#]} 15. Rb3 $146 ({Predecessor:} 15. Qc2 f5 16. exf6 Nxf6 17. Rb3 Qc7 18. Nxf6+ Bxf6 19. Be3 O-O 20. O-O-O Rab8 21. Rd2 Rxb3 22. Qxb3 {½-½ Moussard,J (2686)-Grandelius,N (2651) Bundesliga 2223 2022 (10.7)}) 15... Qc7 16. Bd2 Rb8 17. Rxb8+ Qxb8 18. Qc2 O-O 19. O-O-O Qb5 20. Kb1 Rb8 {[%emt 0:00:30] With the idea ...Qe2.} 21. Bc1 (21. Re1 {simplifies} Bd8 22. Ka1 Qa6 23. g3) 21... Qb3 (21... Qa5 $142) 22. Rd3 Qxc2+ (22... Qb5 {feels hotter.} 23. g4 Qa5 24. Bd2 Qb5) 23. Kxc2 Rb5 24. b4 a5 25. Nc3 Nxc3 26. Kxc3 axb4+ 27. axb4 $11 {[%emt 0:00:30][%mdl 4096] Endgame KRB-KRB} Rb7 28. Kc4 Ra7 29. g4 f5 30. g5 Kf8 31. Ba3 h5 32. g6 Ke8 33. Bb2 Kd8 34. Kb3 Kc7 (34... Rb7 $5 ) 35. Bc3 (35. Rh3 $5 ) 35... Ra8 36. Rd1 h4 37. Rg1 Ra7 38. Rg2 Ra8 39. Bd4 Kb7 (39... h3 $5 40. Rg3 Rh8 $11) 40. Rg1 Kc7 41. Be3 Ra6 42. Bf2 Ra8 43. Rd1 Ra6 44. Kb2 Ra4 45. Be1 Ra8 46. Rd3 Rb8 {[%emt 0:00:30] The position is equal.} 47. Kc2 Ra8 {[%emt 0:00:30] [#] ...Ra2+ would be deadly.} 48. Kb2 {[%emt 0:00:30] Wards off Ra2+} Rb8 49. Kc2 Ra8 {[%emt 0:00:30] ...Ra2+ is the strong threat.} 50. Kb2 {[%emt 0:00:30] Repels Ra2+} Rb8 {[%emt 0:00:30] Weighted Error Value: White=0.13 (very precise) /Black=0.13 (very precise)} 1/2-1/2

[Event "3rd Sharjah Challengers 2023"]
[Site "Sharjah"]
[Date "2023.05.19"]
[Round "3.5"]
[White "Lim, Zhuo Ren"]
[Black "Hesham, Abdelrahman"]
[Result "1-0"]
[ECO "E01"]
[WhiteElo "2294"]
[BlackElo "2409"]
[Annotator "TA"]
[PlyCount "143"]
[EventDate "2023.05.16"]
[EventType "swiss"]
[EventCountry "UAE"]
[SourceTitle "playchess.com"]
[Source "ChessBase"]
[SourceQuality "1"]
[TimeControl "5400+30"]

1. d4 Nf6 2. c4 e6 3. Nf3 d5 4. g3 h6 5. Bg2 Bd6 6. O-O {[%emt 0:00:18] E01: Catalan: Early deviations.} O-O 7. Nc3 Nc6 {[%emt 0:00:10] Inhibits Ne5.} 8. b3 {[%emt 0:00:57] White is slightly better.} dxc4 9. bxc4 e5 10. Nxe5 Nxe5 11. c5 Bxc5 12. dxc5 Qe7 13. Nd5 Nxd5 14. Qxd5 Rd8 15. Qe4 Qxc5 16. Bf4 {[%emt 0:01:05][%cal Of1c1] And now Rfc1! would win. This pair of bishops is nice.} Re8 {[%emt 0:10:14] [#]} 17. Rac1 $146 (17. Rfd1 $5 f5 18. Qd5+ Qxd5 19. Rxd5 $14 (19. Bxd5+ Kh7 $11)) ({Predecessor:} 17. Rfd1 f6 18. Rac1 Qe7 19. Bxe5 fxe5 20. Qg6 Be6 21. Bxb7 Bf7 22. Qa6 Rad8 23. Rxd8 Rxd8 24. Qxa7 c6 25. Qa5 c5 26. Be4 c4 27. a4 Rb8 28. Bd5 {1-0 Urazayev,A (2430)-Makridis,D (2152) Paracin op-A 15th 2022 (1)}) 17... Qe7 18. Rfd1 {[%emt 0:26:55][%cal Bf1d1,Bd1d8,Bd8a8,Ba8b8,Bb8b7,Bb7a7][%mdl 32] Hoping for Qxe5.} c6 19. Qxe5 Qxe5 20. Bxe5 Rxe5 21. Rd8+ Kh7 22. Bh3 Bxh3 23. Rxa8 $11 {[%emt 0:00:59][%mdl 4096] Endgame KRR-KRB} Ra5 24. Rb8 b6 (24... b5 $11 {keeps the balance.}) 25. Rxc6 (25. Rb7 $5 ) 25... Rxa2 {[%emt 0:00:05] ( -> ...Ra1+)} 26. Rc1 {[%emt 0:00:18] Dodges Ra1} Rxe2 27. Rb7 Be6 28. Rxa7 Rb2 {[%emt 0:00:22] Inhibits Rb1.} 29. h4 h5 30. Kf1 b5 31. Rb7 b4 32. Rc5 g6 33. Ke1 Kg7 34. Rcb5 (34. Re5 $5 Rb1+ 35. Kd2 $16) 34... b3 35. Rb4 Kf6 36. R7b5 Ke7 37. Rb6 Bd5 (37... Kd7 $11) 38. Kf1 (38. Rd4 $14 Be6 39. Rd2 Rb1+ 40. Ke2) 38... Kd7 39. Ke1 Ke7 (39... Be6 $11) 40. Kf1 (40. Rd4 $14 Be6 41. Rd2 Rb1+ 42. Ke2) 40... Be6 41. Ke1 Kf6 (41... Bd5 $11) 42. R6b5 (42. Re4 $14) 42... Kg7 43. Kf1 Rb1+ (43... Kf6 $11) 44. Ke2 $14 Bg4+ 45. f3 Be6 46. Ke3 Kh6 47. Kf4 Kg7 48. Rb7 Kf6 49. R7b6 Ke7 50. R6b5 Kf6 51. Rb6 ({Better is} 51. Rb7 $14) 51... Kg7 ({Black should play} 51... Ke7 $1 $11) 52. Kg5 ({White should try} 52. Rd4 $14) 52... Bd5 53. Kf4 Rb2 (53... Be6 $11) 54. R4b5 Be6 55. Kg5 (55. Rd6 $14) 55... Rd2 $2 {[%emt 0:00:32][%mdl 8192] [#] Black is now going downhill.} (55... Rg2 $11) 56. Rxe6 $1 $18 fxe6 {[%emt 0:00:01] KR-KR} 57. Rb7+ (57. Rxb3 Rd5+ 58. Kf4 Ra5 $11) 57... Kf8 {[%emt 0:00:30] [#]} 58. Kf6 $1 {[%emt 0:00:44] White wants to mate with Rb8+.} (58. Rxb3 Rg2 $16) 58... Ke8 59. Rxb3 e5 60. Kxe5 (60. Kxg6 Rg2 $16) 60... Kf7 $2 (60... Rg2 61. Ke6 Kf8) 61. Rb7+ Kg8 {[%emt 0:00:01] [#]} 62. Kf6 $1 Rd6+ 63. Kg5 Kf8 64. Kh6 (64. Ra7 $142 Rb6 65. Kh6 Rb3 66. Ra8+ (66. Kxg6 Rxf3 67. Ra8+ Ke7 $16) 66... Kf7 67. Ra6 Rb8 68. Rxg6 Rh8+ 69. Kg5) 64... Rd3 65. Rg7 ({Weaker is} 65. Kxg6 Rxf3 66. Rb8+ (66. Kxh5 Rxg3 67. Kh6 Rh3 $14) 66... Ke7 $16) 65... Rxf3 66. Rxg6 Kf7 67. Kxh5 {[%emt 0:00:42] White mates.} Rf5+ 68. Rg5 Rf3 69. g4 Rh3 70. Ra5 Kg7 71. Ra7+ Kg8 72. Kg6 {[%emt 0:01:07] Weighted Error Value: White=0.15 (very precise) /Black=0.24 (precise)} 1-0

[Event "3rd Sharjah Challengers 2023"]
[Site "Sharjah"]
[Date "2023.05.19"]
[Round "3.6"]
[White "Liyanage, Ranindu Dilshan"]
[Black "Burmakin, Vladimir"]
[Result "1-0"]
[ECO "B12"]
[WhiteElo "2342"]
[BlackElo "2496"]
[Annotator "TA"]
[PlyCount "47"]
[EventDate "2023.05.16"]
[EventType "swiss"]
[EventCountry "UAE"]
[SourceTitle "playchess.com"]
[Source "ChessBase"]
[SourceQuality "1"]
[TimeControl "5400+30"]

1. e4 c6 2. d4 d5 3. e5 Bf5 4. c4 e6 5. Nc3 Ne7 6. h3 {[%emt 0:01:03] B12: Caro-Kann: Advance Variation.} Nd7 7. Nf3 dxc4 8. Bxc4 {[%emt 0:00:22] The position is equal.} Nb6 9. Bd3 Bxd3 10. Qxd3 h6 11. O-O Ned5 12. Ne4 Be7 {[%emt 0:00:46] [#]} 13. Re1 $146 ({Predecessor:} 13. Bd2 O-O 14. Rac1 Qd7 15. Rfe1 Rad8 16. Ng3 Nc7 17. Qe4 f5 18. exf6 Bxf6 19. Nh5 Bxd4 {0-1 Stankovic,M (2454)-Rozum,I (2566) Titled Tuesday intern op 21st April blitz 2020 (8)}) 13... Rc8 14. Bd2 O-O 15. Rac1 Nd7 16. Ng3 Kh8 17. Re4 Rg8 18. Rg4 Nf8 (18... c5 {is interesting.} 19. Ne4 Rf8 20. Nd6 Bxd6 21. exd6 c4) 19. Ne4 Nh7 20. Re1 c5 $2 {[%emt 0:00:00] Black cannot hold the game after this.} ({Black should play} 20... Qc7 $14) 21. dxc5 $40 {[%emt 0:01:34][%mdl 128] White is out for blood.} Bxc5 $2 {[%emt 0:00:00] [#]} (21... Rxc5 22. Nxc5 Bxc5) 22. Neg5 $1 Nxg5 23. Nxg5 ({Worse is} 23. Bxg5 Qb6 24. Re2 Rc7 $15) 23... Bxf2+ $2 (23... hxg5 24. Bxg5 g6 25. Bxd8 Rgxd8) 24. Kxf2 {[%emt 0:00:48] Weighted Error Value: White=0.07 (flawless) /Black=0.34} 1-0

[Event "3rd Sharjah Challengers 2023"]
[Site "Sharjah"]
[Date "2023.05.19"]
[Round "3.7"]
[White "Fawzy, Adham"]
[Black "Kayonde, Andrew"]
[Result "1-0"]
[ECO "B02"]
[WhiteElo "2495"]
[BlackElo "2361"]
[Annotator "TA"]
[PlyCount "59"]
[EventDate "2023.05.16"]
[EventType "swiss"]
[EventCountry "UAE"]
[SourceTitle "playchess.com"]
[Source "ChessBase"]
[SourceQuality "1"]
[TimeControl "5400+30"]

1. e4 Nf6 2. e5 Nd5 3. c4 Nb6 4. a4 d5 5. c5 Nc4 6. d4 {[%emt 0:05:10] B02: Alekhine's Defence: Chase Variation and lines with early Nc3.} Nc6 7. b3 N4a5 8. Bd2 $1 {[%emt 0:01:54] [#] White is better.} b6 $146 ({Predecessor:} 8... Bf5 9. Nf3 e6 10. Na3 b6 11. b4 Nc4 12. Nxc4 dxc4 13. Bxc4 bxc5 14. dxc5 Be7 {0-1 Schulz,H (2013)-Laqua,C (2142) Hamburg St Pauli op-A 2010 (8)}) 9. Bxa5 ({Don't play} 9. Bb5 a6 10. Bxc6+ Nxc6 11. cxb6 cxb6 $15) 9... Nxa5 10. b4 Nc4 (10... Nc6 $14) 11. Qf3 $1 $16 {[%emt 0:00:25] Bxc4 would be deadly.} Rb8 {[%emt 0:02:23] [#]} 12. Nc3 $1 e6 13. Bxc4 dxc4 14. Nge2 {[%emt 0:00:20] White is more active.} ({Better is} 14. Rd1) 14... a5 {[%emt 0:02:28] [#]} (14... bxc5 $16 {might work better.} 15. dxc5 (15. bxc5 Bb7 $11) 15... Qd3) 15. b5 $1 $18 bxc5 16. dxc5 {[%emt 0:55:39] aiming for Rd1.} Qd3 17. Qc6+ Bd7 $2 (17... Qd7) 18. Qxc7 {[%emt 0:00:30] White is clearly winning.} Rc8 19. Qb7 Bxc5 20. Rd1 Bb4 21. O-O Rd8 22. Rxd3 cxd3 23. Nd4 Bxc3 24. Nc6 Rc8 25. Nb8 O-O 26. Nxd7 Rfd8 27. Qxc8 Rxc8 28. b6 Rd8 {[%emt 0:00:30] [#]} 29. b7 $1 Bxe5 (29... d2 30. b8=Q) 30. Nxe5 {[%emt 0:00:30] Excellently played by Fawzy!   Weighted Error Value: White=0.05 (flawless) /Black=0.60} 1-0

[Event "3rd Sharjah Challengers 2023"]
[Site "Sharjah"]
[Date "2023.05.19"]
[Round "3.8"]
[White "Ohanyan, Emin"]
[Black "Zawadzka, Jolanta"]
[Result "1-0"]
[ECO "D38"]
[WhiteElo "2444"]
[BlackElo "2348"]
[Annotator "TA"]
[PlyCount "141"]
[EventDate "2023.05.16"]
[EventType "swiss"]
[EventCountry "UAE"]
[SourceTitle "playchess.com"]
[Source "ChessBase"]
[SourceQuality "1"]
[TimeControl "5400+30"]

1. d4 Nf6 2. c4 e6 3. Nf3 d5 4. Nc3 Bb4 5. Qa4+ Nc6 6. e3 O-O 7. Qc2 {[%emt 0:00:04] D38: Queen's Gambit Declined: Ragozin Defence (4 Nf3 Bb4).} Re8 8. Bd2 a6 9. a3 {[%emt 0:05:56] The position is equal.} Bf8 10. Be2 e5 11. cxd5 Nxd5 12. Nxd5 Qxd5 13. Bc4 Qd8 14. Qb3 {[%emt 0:22:20] [#]} Qe7 $146 ({Predecessor:} 14... Qf6 15. dxe5 Qg6 16. O-O Nxe5 17. Nxe5 Rxe5 18. Bc3 Re8 19. Rad1 c6 20. Rd2 b5 {½-½ Rychagov,A (2545)-Maghsoodloo,P (2676) Titled Tuesday intern op 16th June blitz 2020 (5)}) 15. Nxe5 Nxe5 16. dxe5 Qd7 17. Bc3 b5 18. Bd5 c6 19. Bf3 Qc7 20. O-O a5 21. Rac1 {[%emt 0:03:31] White is more active.} Be6 22. Qc2 Rac8 23. Be4 g6 (23... b4 $1 $11) 24. f4 $16 b4 25. axb4 axb4 26. Be1 Qb6 27. Qe2 (27. Bxc6 $2 Bd5 28. Bxe8 Rxc2 29. Rxc2 Qxe3+ 30. Kh1 Qe4 $19) 27... Bg7 (27... Bg4 $14 28. Bf3 (28. Qxg4 Qxe3+ 29. Bf2 Qxe4 $11) 28... Bxf3 29. Rxf3 (29. Qxf3 c5 $16) (29. gxf3 c5 $14) 29... c5) 28. Bh4 c5 29. Bd3 c4 {[%emt 0:03:50][%mdl 64] Deflection} 30. Bxc4 Bxc4 31. Rxc4 Rxc4 32. Qxc4 {[%emt 0:00:01] Rd1 would be deadly.} Qxe3+ 33. Bf2 Qd2 34. b3 Bf8 35. g3 (35. Re1 $16) 35... Rd8 36. Re1 $36 {[%emt 0:06:08][%mdl 2048] White has some pressure.} Qd3 37. Qc7 (37. Qxd3 {simplifies} Rxd3 38. Re3 Rd1+ 39. Kg2) 37... Rd7 38. Qc6 Qd5 (38... Qf5 $14) 39. Qxd5 Rxd5 {[%emt 0:00:05][%mdl 4096] Endgame KRB-KRB} 40. Kg2 (40. Rc1 $16) 40... Rd2 (40... Rd3 $14) 41. Rc1 Rb2 42. Rc8 Kg7 43. Rc7 {[%emt 0:00:20] Strongly threatening e6.} Kg8 {[%emt 0:00:35] [#]} 44. g4 (44. Kf3 $142 $1) 44... Rxb3 45. f5 (45. Rc8 $16 Rc3 46. Rb8) 45... Rc3 $14 {[%emt 0:00:49] Inhibits Bc5.} 46. Rb7 {[%emt 0:00:12] And now Rb8 would win.} h5 47. Rb8 Rc2 $2 (47... Rc4 $1 $14) 48. Kf1 $2 ({Only move:} 48. gxh5 $18 gxh5 49. Kf3) 48... Rc1+ $1 $11 49. Kg2 $2 (49. Ke2 $11 Rc2+ 50. Ke3) 49... Rc2 $1 $18 50. gxh5 gxh5 51. Kf3 {[%emt 0:01:10] Prevents Re2. Hoping for e6.} Rc3+ 52. Be3 b3 53. f6 b2 54. Rxb2 {[%emt 0:00:34] Threatens to win with Rb8.} Bh6 55. Re2 {[%emt 0:00:07] Black must now prevent Ke4.} Kh7 $2 (55... h4 $16 {is a better chance.}) 56. Ke4 h4 (56... Bf8 $142 57. Rb2 Bh6) 57. Bxh6 Kxh6 {[%emt 0:00:02] KR-KR} 58. Rg2 {[%emt 0:00:44][%cal Oe5e6] White threatens e6! and mate.} Rc1 59. Rg7 $2 ({Better is} 59. Rg4 $18 h3 60. Kf5) 59... Re1+ $11 60. Kd5 Rd1+ 61. Kc5 Re1 $2 {[%emt 0:00:05][%mdl 8192] [#]} (61... Rc1+ $11 62. Kd6 Rd1+ 63. Ke7 Re1 64. Kxf7 (64. Rxf7 Rxe5+ 65. Kd6 Re2 $11) 64... Rxe5 65. Rg6+ Kh7) 62. Kd6 $1 ({And not} 62. Rxf7 Rxe5+ 63. Kd4 Re2 $11) 62... Rd1+ 63. Ke7 Re1 64. Kd6 $2 (64. Kxf7 {mates} Rxe5 65. Rg6+ Kh7 66. Rg4 Kh6 67. Rxh4+ Kg5 68. Rh7 Rf5 69. h4+ Kf4 70. Kg7) 64... Rd1+ 65. Ke7 $2 (65. Kc6 $11 Rc1+ 66. Kd7) 65... Re1 66. Kxf7 {[%emt 0:00:37] White mates.} Rxe5 67. Rg6+ Kh7 68. Rg4 Kh6 69. Rxh4+ Kg5 70. Rh3 Rf5 71. Kg7 {[%emt 0:00:25] Weighted Error Value: White=0.25 (precise) /Black=0.32} 1-0